 Dungeon Crawl Stone Soup version 0.27.1-1-g398f81649c (webtiles) character file.

Game seed: 14689240514728205952

119 Destapler the Shield-Bearer (level 4, -2/45 HPs)
             Began as a Troll Fighter on Sept 7, 2021.
             Slain by Natasha (4 damage)
             ... on level 3 of the Dungeon.
             The game lasted 00:03:23 (1710 turns).

Destapler the Shield-Bearer (Troll Fighter)         Turns: 1710, Time: 00:03:24

Health: -2/45      AC:  4    Str: 25    XL:     4   Next: 73%
Magic:  3/3        EV:  8    Int:  4    God:
Gold:   106        SH:  9    Dex:  9    Spells: 3/3 levels left

rFire    . . .     SeeInvis .   a - +0 flail
rCold    . . .     Faith    .   c - +0 kite shield
rNeg     + . .     Spirit   .   b - +0 robe
rPois    .         Reflect  .   (helmet restricted)
rElec    .         Harm     .   (no cloak)
rCorr    .         Rampage  .   (gloves unavailable)
Will     .....                  (boots unavailable)
Stlth    +.........             (no amulet)
HPRegen  1.15/turn              h - ring of positive energy
MPRegen  0.08/turn              (no ring)

@: slowed, very slow
A: large, unfitting armour, claws 3, regeneration 1, shaggy fur 1, tough skin 1
a: no special abilities


You were on level 3 of the Dungeon.
You visited 1 branch of the dungeon, and saw 3 of its levels.

You collected 106 gold pieces.

Inventory:

Hand Weapons
 a - a +0 flail (weapon)
Missiles
 d - 2 poisoned darts
 j - 5 javelins (quivered)
Armour
 b - a +0 robe (worn)
 c - a +0 kite shield (worn)
Jewellery
 h - a ring of positive energy (left claw)
Scrolls
 f - 2 scrolls of immolation {unknown}
 i - a scroll of magic mapping {unknown}
 l - a scroll of enchant weapon {unknown}
 m - a scroll of identify {unknown}
Potions
 e - a potion of flight {unknown}
 g - a potion of cancellation {unknown}
 k - a potion of haste {unknown}


   Skills:
 + Level 3.2 Fighting
 - Level 1.7 Maces & Flails
 - Level 2.4 Dodging
 * Level 4.0 Shields


You had 3 spell levels left.
You didn't know any spells.
Your spell library contained the following spells:

 Spells                   Type           Power      Damage    Failure   Level
 Animate Skeleton         Necr           0%         N/A       86%         1
 Apportation              Tloc           0%         N/A       86%         1
 Corona                   Hex            0%         N/A       86%         1
 Summon Small Mammal      Summ           0%         N/A       86%         1
 Airstrike                Air            0%         N/A       100%        4
 Summon Lightning Spire   Summ/Air       0%         N/A       100%        4
 Lightning Bolt           Conj/Air       0%         1d11      100%        5


Dungeon Overview and Level Annotations

Branches:
Dungeon (3/15)

Altars:

Shops:
D:2 *[

Annotations:
D:3 1 runed translucent door, Name63's ghost, amateur DjWz; Natasha


Innate Abilities, Weirdness & Mutations

You are too large for most types of armour.
You have claws for hands.
Your natural rate of healing is unusually fast.
You are covered in fur. (AC +1)
You have tough skin. (AC +1)


Message History

The orc completely misses you. Natasha barely misses you.
The orc hits you with a +0 club.
You barely miss the orc.
The orc is heavily wounded.
Natasha claws you. You block the orc's attack. Natasha barely misses you.
You hit the orc.
You kill the orc!
Natasha claws you.
You closely miss Natasha. Natasha closely misses you.
You block Natasha's attack.
You closely miss Natasha. Natasha casts a spell at you.
You feel yourself slow down.
You closely miss Natasha.
Natasha mumbles some strange words.
Natasha casts a spell at you.
You feel as though you will be slow longer.
Natasha claws you.
You closely miss Natasha. Natasha claws you.
The iron imp lashes its tail.
The iron imp completely misses you. Natasha claws you.
You barely miss Natasha.
Natasha wildly gestures.
You feel disoriented.
Natasha casts a spell.
The iron imp hits you. Natasha barely misses you.
The iron imp barely misses you.
You barely miss Natasha. You block Natasha's attack. The iron imp hits you!
Natasha claws you.
The iron imp hits you but does no damage.
The iron imp hits you!
* * * LOW HITPOINT WARNING * * *
You completely miss Natasha. Natasha claws you.
* * * LOW HITPOINT WARNING * * *
You block the iron imp's attack. The iron imp hits you!
* * * LOW HITPOINT WARNING * * *
Natasha claws you.
* * * LOW HITPOINT WARNING * * *
The iron imp barely misses you. You block the iron imp's attack.
Natasha claws you.
You die...

............# #.#
........
##.########## #.#
######## ##>#
######.## ##. ##.#
##.....<. ###.. ##.#
#....... #.... ##.#
#...... ..#.. ##.#
#..... ##. ##.###
#.h5# ###### ##...#
#@# ....... .....#
#5# #......
####.###########.#.#
#.#####
#...............#
#.###########.###
#.# #.# #.# ..# #.#
### #.#


You could see 2 iron imps and Natasha.

Vanquished Creatures
  Natasha (twice) (D:3)
  2 adders (D:3)
  2 worms (D:2)
  2 dart slugs
  An orc (D:3)
  A ball python (D:3)
  3 endoplasms
  A giant cockroach (D:2)
  3 goblins (D:3)
  7 hobgoblins
  4 jackals (D:2)
  2 quokkas (D:1)
  A frilled lizard (D:1)
  4 kobolds
  4 rats
39 creatures vanquished.

Vanquished Creatures (others)
  2 withered plants (D:3)
2 creatures vanquished.

Grand Total: 41 creatures vanquished

Notes
Turn   | Place    | Note
-------+----------+-------------------------------------------
     0 | D:1      | Destapler the Troll Fighter began the quest for the Orb.
     0 | D:1      | Reached XP level 1. HP: 22/22 MP: 0/0
   162 | D:1      | Found a faded altar of an unknown god.
   166 | D:1      | Reached XP level 2. HP: 29/29 MP: 1/1
   482 | D:1      | Reached skill level 3 in Shields
   764 | D:2      | Found Ryogio's Antique Armour Shop.
   920 | D:2      | Reached XP level 3. HP: 35/36 MP: 2/2
  1144 | D:2      | Found Dymumug's Assorted Antiques.
  1506 | D:3      | Found a runed translucent door.
  1507 | D:3      | Noticed Name63's ghost (amateur DjWz)
  1565 | D:3      | Noticed Natasha
  1573 | D:3      | Killed Natasha
  1574 | D:3      | Reached XP level 4. HP: 20/45 MP: 3/3
  1580 | D:3      | Noticed Natasha
  1585 | D:3      | Killed Natasha
  1668 | D:3      | Reached skill level 4 in Shields
  1697 | D:3      | Noticed Natasha
  1710 | D:3      | HP: 2/45 [Natasha (3)]
  1710 | D:3      | Slain by Natasha

Illustrated notes

Levels and vault maps discovered:
D:1:      roderic_dead_forest, layout_loops_ring,
          hellmonk_ecumenical_altar_prayer_group
D:2:      layout_basic, serial_shops, nicolae_square_shop, shop
D:3:      layout_loops_ring, gammafunk_ghost_grave, hangedman_decor_growths,
          minmay_bisected, uniq_natasha

Skill      XL: |  1  2  3  4 |
---------------+-------------+-----
Shields        | 3 4 |  4.0
Fighting       | 3 |  3.2
Maces & Flails | |  1.7
Dodging        | |  2.4

Action                   |  1- 3 |  4- 6 || total
-------------------------+-------+-------++-------
Melee: Flail             |   119 |    29 ||   148
  Use: Potion            |     1 |       ||     1
 Stab: Sleeping          |     1 |       ||     1
Armor: Robe              |    39 |     7 ||    46
Dodge: Dodged            |    42 |    20 ||    62
Block: Kite shield       |    63 |    20 ||    83
